 Dungeon Crawl Stone Soup version 0.27-a0-95-g5a9077b8ae (webtiles) character file.

Game seed: 8519568431613861987

95 knot the Chopper (level 4, 52/52 HPs)
             Began as a Demonspawn Berserker on Jan 19, 2021.
             Was a Believer of Trog.
             Quit the game on level 2 of the Dungeon.
             The game lasted 00:02:02 (2127 turns).

knot the Chopper (Demonspawn Berserker)             Turns: 2127, Time: 00:02:02

Health: 52/52      AC:  5    Str: 17    XL:     4   Next: 39%
Magic:  4/4        EV: 11    Int: 10    God:    Trog [**....]
Gold:   95         SH:  0    Dex: 12    Spells: 3/3 levels left

rFire    . . .     SeeInvis .   a - +0 hand axe
rCold    . . .     Faith    .   (no shield)
rNeg     + . .     Spirit   .   f - +0 ring mail
rPois    .         Reflect  .   (helmet restricted)
rElec    .         Harm     .   (no cloak)
rCorr    .         Rampage  .   (no gloves)
Will     ++...                  (no boots)
Stlth    ..........             (no amulet)
HPRegen  1.17/turn              j - ring of positive energy
MPRegen  0.09/turn              (no ring)

@: berserking (expiring), regenerating, very quick
A: antennae 1, spiny 1
a: Renounce Religion, Berserk, Trog's Hand


You were on level 2 of the Dungeon.
You worshipped Trog.
Trog was pleased with you.
You visited 1 branch of the dungeon, and saw 2 of its levels.

You collected 95 gold pieces.

Inventory:

Hand Weapons
 a - a +0 hand axe (weapon)
Missiles
 c - 35 stones
 d - 24 sling bullets
Armour
 f - a +0 ring mail (worn)
Jewellery
 j - a ring of positive energy (left hand)
 k - an uncursed ring of willpower {unknown}
Scrolls
 e - 2 scrolls of teleportation {unknown}
 g - 2 scrolls of enchant weapon {unknown}
 h - 2 scrolls of enchant armour {unknown}
 i - a scroll of fog {unknown}
Potions
 b - a potion of might {unknown}
 l - 2 potions of heal wounds {unknown}


   Skills:
 - Level 3.0 Fighting
 + Level 4.8 Axes
 - Level 1.7 Armour
 - Level 1.7 Dodging


You had 3 spell levels left.
You didn't know any spells.
Your spell library was empty.

Dungeon Overview and Level Annotations

Branches:
Dungeon (2/15)

Altars:
Fedhas
Kikubaaqudgha
The Shining One


Innate Abilities, Weirdness & Mutations

You have a pair of small antennae on your head.
You are partially covered in sharp spines.


Message History

Found a mace.
Found a runed translucent door.
Crazy Yiuf cries, "Shadow!
Whiteboard tea chair."
Your skin crawls.
You feel strong-willed.
A red film seems to cover your vision as you go berserk!
You feel yourself moving faster!
You feel mighty!
The door flies open with a bang!
You feel a strong urge to attack something.
Crazy Yiuf screams, "Leather toodlewoodle verde!"
You closely miss Crazy Yiuf.
Crazy Yiuf hits you with a +2 quarterstaff of chaos.
You slash Crazy Yiuf!
Crazy Yiuf is severely wounded.
You slash Crazy Yiuf!
You kill Crazy Yiuf!
Trog accepts your kill.
You have reached level 4!
You feel clever.
Your demonic ancestry asserts itself...
Sharp spines emerge from parts of your body.
Are you sure you want to abandon this character and quit the game? (Confirm with "yes".)

.# ##.# ##......# .#
#.## ###...## '## #)#
##.## # ..## #.# #####
#.# ## ...## #.# #..)#
###[# ##. ....## ##.#
#...# ##.#.# ##..
.....####..# ...
##...>###...
.....'.....# #)#
#.......'†..
.....####..# ♣♣@♣
##....###... ....##
##.# ♣.♣♣ ##.#.# ##..
...## ### ♣♣.♣ ###.#
##. ..## ♣.♣♣ #####.#
## '## ♣♣.♣♣ #.....# #
.# ♣.))♣♣ ####### .###
♣))))♣ ...# #))))# #
...############..######
##


There were no monsters in sight!

Vanquished Creatures
  Crazy Yiuf (D:2)
  A gnoll (D:1)
  2 dart slugs
  2 bats
  2 giant cockroaches (D:2)
  9 goblins
  8 hobgoblins
  7 jackals (D:1)
  A quokka (D:2)
  4 frilled lizards
  5 kobolds
  5 rats
47 creatures vanquished.

Vanquished Creatures (others)
  2 withered plants (D:2)
2 creatures vanquished.

Grand Total: 49 creatures vanquished

Notes
Turn   | Place    | Note
-------+----------+-------------------------------------------
     0 | D:1      | knot the Demonspawn Berserker began the quest for the Orb.
     0 | D:1      | Reached XP level 1. HP: 18/18 MP: 1/1
   133 | D:1      | Reached skill level 3 in Axes
   138 | D:1      | Gained mutation: You have a pair of small antennae on your
                  | head. [demonic ancestry]
   138 | D:1      | Reached XP level 2. HP: 20/24 MP: 2/2
   252 | D:1      | Reached ** piety under Trog
   639 | D:1      | Reached XP level 3. HP: 29/29 MP: 3/3
   755 | D:1      | Reached skill level 4 in Axes
   937 | D:2      | Found a blossoming altar of Fedhas.
   987 | D:2      | Found an ancient bone altar of Kikubaaqudgha.
  1279 | D:2      | Found a glowing golden altar of the Shining One.
  2117 | D:2      | Found a runed translucent door.
  2118 | D:2      | Noticed Crazy Yiuf
  2126 | D:2      | Killed Crazy Yiuf
  2127 | D:2      | Gained mutation: You are partially covered in sharp spines.
                  | [demonic ancestry]
  2127 | D:2      | Reached XP level 4. HP: 35/35 MP: 4/4
  2127 | D:2      | Quit the game

Illustrated notes

Levels and vault maps discovered:
D:1:      lightli_arrival_statue_moat, layout_rooms, kennysheep_another_room
D:2:      layout_loops_corners, general_overflow_altar,
          grunt_temple_overflow_growth_and_decay, uniq_crazy_yiuf_cottage

Skill      XL: |  1  2  3 |
---------------+----------+-----
Axes           | 3 4 |  4.8
Fighting       | |  3.0
Armour         | |  1.7
Dodging        | |  1.7

Action                   |  1- 3 |  4- 6 || total
-------------------------+-------+-------++-------
Melee: Hand axe          |   118 |       ||   118
Invok: Berserk           |     3 |       ||     3
       Trog's Hand       |     1 |       ||     1
Armor: Animal skin       |     5 |       ||     5
       Ring mail         |    31 |       ||    31
Dodge: Dodged            |    80 |       ||    80

Table legend: (Time is in decaauts)
 A = Elapsed time spent in this place.
 B = Non-inter-level travel time spent in this place.
 C = Inter-level travel time spent in this place.
 D = Time resting spent in this place.
 E = Time spent auto-exploring this place.
 F = Levels seen in this place.
 G = Mean time per level.
                   A        B        C        D        E       F      G
               +--------+--------+--------+--------+--------+-----+--------+
         Total |   2159 |   2149 |     10 |    659 |   1174 |   2 | 1079.5 |
       Dungeon |   2159 |   2149 |     10 |    659 |   1174 |   2 | 1079.5 |
               +--------+--------+--------+--------+--------+-----+--------+

Top non-repeatable levels by time:
     D:2: 1212 daAuts
     D:1: 946 daAuts
